 Dungeon Crawl Stone Soup version 0.17.0-1-g61d176b (webtiles) character file.

1923 andalon the Cleaver (level 8, -3/69 HPs)
             Began as a Minotaur Fighter on Nov 7, 2015.
             Was an Initiate of Dithmenos.
             Slain by a yak (8 damage)
             ... on level 7 of the Dungeon.
             The game lasted 00:38:56 (7295 turns).

andalon the Cleaver (Minotaur Fighter)              Turns: 7295, Time: 00:38:57

Health: -3/69      AC: 15    Str: 21    XL:     8   Next: 96%
Magic:  7/7        EV:  6    Int:  5    God:    Dithmenos [......]
Gold:   211        SH: 11    Dex: 12    Spells: 0 memorised, 7 levels left

rFire  . . .     SeeInvis +     v - +2 war axe
rCold  . . .     Clarity  .     E - +0 plate armour
rNeg   + . .     SustAt   .     c - +1 shield
rPois  .         Gourm    .     (helmet restricted)
rElec  .         Spirit   .     (no cloak)
rCorr  .         Warding  .     i - +0 pair of gloves
rMut   .         Stasis   .     J - +0 pair of boots
MR     .....                    (no amulet)
Stlth  ..........               B - ring of see invisible
                                x - ring of positive energy

@: not resistant to hostile enchantments, extremely unstealthy
A: retaliatory headbutt, horns 2
a: Renounce Religion


You were on level 7 of the Dungeon.
You worshipped Dithmenos.
Dithmenos was noncommittal.
You were hungry.

You visited 2 branches of the dungeon, and saw 8 of its levels.

You collected 421 gold pieces.
You spent 210 gold pieces at shops.

Inventory:

Hand Weapons
 a - a +0 war axe
 j - a +0 spear
 n - a +2 whip of venom
 v - a +2 war axe (weapon)
 L - a +4 flail of holy wrath
Missiles
 f - 40 bolts
 l - 20 arrows
 o - 11 poisoned arrows
 y - 7 tomahawks (quivered)
 A - 5 curare-tipped needles
Armour
 b - a +0 scale mail
 c - a +1 shield (worn)
 i - a +0 pair of gloves (worn)
 z - a +0 pair of gloves
 E - a +0 plate armour (worn)
 J - a +0 pair of boots (worn)
Jewellery
 r - an uncursed ring of fire
 x - a ring of positive energy (left hand)
 B - a ring of see invisible (right hand)
Wands
 s - a wand of digging (8)
 w - a wand of cold (11)
Scrolls
 q - 5 scrolls of remove curse
 t - 3 scrolls of identify
 u - 3 scrolls of amnesia
 D - 2 scrolls of teleportation
 H - a scroll of fog
Potions
 d - 2 potions of might
 h - 3 potions of curing
 m - 3 potions of heal wounds
Books
 F - a book of Fire

   Spells                             Type                      Level
   a - Ignite Poison                  Fire/Transmutation/Poison    3
   b - Fireball                       Conjuration/Fire             5
   c - Bolt of Fire                   Conjuration/Fire             6
   d - Delayed Fireball               Conjuration/Fire             7
   e - Ring of Flames                 Charms/Fire                  7
   Dithmenos disapproves of the use of such an item.
Comestibles
 e - 2 bread rations
 g - 2 meat rations
 k - 2 fruits
 p - 3 royal jellies
 C - a beef jerky


   Skills:
 + Level 5.5 Fighting
 * Level 8.0 Axes
 * Level 4.9 Throwing
 + Level 7.0 Armour
 + Level 3.7 Dodging
 + Level 1.2 Stealth
 + Level 5.7 Shields
 + Level 0.1 Evocations


You had 7 spell levels left.
You didn't know any spells.

Dungeon Overview and Level Annotations

Branches:
Dungeon (7/15)             Temple (1/1) D:6

Altars:
Ashenzari
Cheibriados
Dithmenos
Elyvilon
Fedhas
Gozag
Kikubaaqudgha
Makhleb
Okawaru
Qazlal
Ru
Sif Muna
Trog
Vehumet
Xom
Yredelemnul
Zin
The Shining One

Shops:
D:6 *

Annotations:
D:7 BLOAX's ghost, novice TeTm


Innate Abilities, Weirdness & Mutations

You reflexively headbutt those who attack you in melee.
You have a pair of horns on your head.


Message History

* * * LOW HITPOINT WARNING * * *
You block the yak's attack. The yak gores you.
* * * LOW HITPOINT WARNING * * *
You hit the yak but do no damage.
The yak is severely wounded.
You hit the yak.
The yak is lightly wounded.
You closely miss the yak.
The yak is lightly wounded.
You hit the yak.
The yak is almost dead.
You hit the giant cockroach.
You kill the giant cockroach!
Dithmenos accepts your kill. The yak gores you.
* * * LOW HITPOINT WARNING * * *
You block the yak's attack. The yak gores you!
* * * LOW HITPOINT WARNING * * *
The yak gores you!
You die...

#####+####+#####
................
.......?........
................
................
.............?..
.......YY.......
......†@YW......
###+#####Y#.......
+.........####+#..
#..........#...#
#.........[#...#
#..........#...#
#######...##...#
#####
#...##...##+####...#
#...##'####.........


You could see 4 yaks and BLOAX's ghost.

Vanquished Creatures
  Grinder (D:6)
  Edmund (D:6)
  The ghost of oplop the Gusty, an amateur TeAE (D:3)
  An orc warrior (D:6)
  Duvessa (D:5)
  The ghost of duckspeaker the Shield-Bearer, an amateur DDFi (D:5)
  2 phantoms
  2 black bears
  3 ogres
  Dowan (D:5)
  A water moccasin skeleton (D:5)
  A jelly (D:6)
  A crimson imp (D:6)
  Crazy Yiuf (D:6)
  An orc priest (D:6)
  Jessica (D:3)
  An orc wizard (D:6)
  An iguana (D:6)
  A worker ant (D:5)
  Robin (D:2)
  3 gnolls (D:5)
  A worker ant zombie (D:5)
  7 adders
  3 oozes
  8 worms
  An adder skeleton (D:5)
  4 giant geckos
  13 orcs
  8 giant cockroaches
  8 hobgoblins
  10 jackals
  8 kobolds
  3 quokkas
  3 ball pythons (D:2)
  A ball python zombie (D:5)
  6 bats
  A giant gecko skeleton (D:6)
  5 giant newts
  18 goblins
  A goblin zombie (D:4)
  A jackal skeleton (D:6)
  A quokka zombie (D:4)
  11 rats
  A plant (D:5)
150 creatures vanquished.

Notes
Turn   | Place    | Note
--------------------------------------------------------------
     0 | D:1      | andalon the Minotaur Fighter began the quest for the Orb.
     0 | D:1      | Reached XP level 1. HP: 19/19 MP: 0/0
   138 | D:1      | Reached XP level 2. HP: 27/27 MP: 1/1
   217 | D:1      | Reached skill level 4 in Armour
   463 | D:1      | Reached skill level 1 in Throwing
   954 | D:2      | Reached XP level 3. HP: 26/33 MP: 2/2
  1198 | D:2      | Noticed Robin
  1212 | D:2      | Killed Robin
  1212 | D:2      | Reached XP level 4. HP: 35/40 MP: 3/3
  1579 | D:2      | Found a basalt altar of Yredelemnul.
  1581 | D:2      | Found a burning altar of Makhleb.
  2019 | D:3      | Noticed oplop's ghost (amateur TeAE)
  2032 | D:3      | Killed oplop's ghost
  2032 | D:3      | Reached skill level 1 in Dodging
  2032 | D:3      | Reached XP level 5. HP: 33/46 MP: 4/4
  2493 | D:3      | Noticed Jessica
  2500 | D:3      | Killed Jessica
  2500 | D:3      | Reached XP level 6. HP: 52/52 MP: 5/5
  3077 | D:4      | Reached skill level 5 in Axes
  3178 | D:4      | Reached skill level 5 in Armour
  3493 | D:4      | Found a sand-covered staircase.
  3648 | D:5      | Entered Level 5 of the Dungeon
  3762 | D:5      | Reached XP level 7. HP: 45/60 MP: 6/6
  4186 | D:5      | Reached skill level 1 in Stealth
  4186 | D:5      | Reached skill level 5 in Shields
  4202 | D:5      | Noticed Duvessa
  4202 | D:5      | Noticed Dowan
  4220 | D:5      | Killed Duvessa
  4220 | D:5      | Reached skill level 6 in Axes
  4228 | D:5      | Killed Dowan
  4254 | D:5      | Noticed duckspeaker's ghost (amateur DDFi)
  4275 | D:5      | HP: 2/60 [adder skeleton (3)]
  4733 | D:5      | Killed duckspeaker's ghost
  4733 | D:5      | Reached XP level 8. HP: 30/67 MP: 7/7
  5227 | D:6      | Found Ushalium's General Store.
  5246 | D:6      | Bought an uncursed ring of see invisible for 210 gold pieces
  5269 | D:6      | Noticed Grinder
  5272 | D:6      | Paralysed by Grinder for 5 turns
  5280 | D:6      | Paralysed by Grinder for 4 turns
  5316 | D:6      | Paralysed by Grinder for 7 turns
  5326 | D:6      | Paralysed by Grinder for 7 turns
  5337 | D:6      | Killed Grinder
  5613 | D:6      | Reached skill level 5 in Fighting
  5613 | D:6      | Reached skill level 7 in Axes
  5690 | D:6      | Found a shattered altar of Ashenzari.
  6324 | D:6      | Found a staircase to the Ecumenical Temple.
  6333 | Temple   | Entered the Ecumenical Temple
  6357 | Temple   | Became a worshipper of Dithmenos the Shadowed
  6900 | D:6      | Noticed Edmund
  6909 | D:6      | Killed Edmund
  6909 | D:6      | Reached skill level 8 in Axes
  6939 | D:6      | Noticed Crazy Yiuf
  6949 | D:6      | Killed Crazy Yiuf
  7290 | D:7      | Noticed BLOAX's ghost (novice TeTm)
  7295 | D:7      | Slain by a yak

Action                   |  1- 3 |  4- 6 |  7- 9 || total
-------------------------+-------+-------+-------++-------
Melee: War axe           |    87 |   164 |   221 ||   472
Throw: Tomahawk          |       |       |     2 ||     2
Evoke: Wand              |       |     1 |     2 ||     3
  Use: Scroll            |     4 |     6 |     5 ||    15
       Potion            |     2 |     3 |     3 ||     8
 Stab: Distracted        |       |       |     1 ||     1
  Eat: Chunk             |     1 |     8 |     4 ||    13
       Fruit             |       |       |     3 ||     3
       Meat ration       |       |       |     1 ||     1
